 Dungeon Crawl Stone Soup version 0.25-a0-681-gdf4e720381 (webtiles) character file.

Game seed: 14932556923622218373, levelgen mode: deterministic

4206 Kohma the Blocker (level 10, -1/79 HPs)
             Began as a Demonspawn Ice Elementalist on Mar 30, 2020.
             Was a Follower of Kikubaaqudgha.
             Slain by a meliai
             ... wielding a +0 hand axe
              (7 damage)
             ... on level 8 of the Dungeon.
             The game lasted 00:27:06 (7270 turns).

Kohma the Blocker (Demonspawn Ice Elementalist)     Turns: 7270, Time: 00:27:06

Health: -1/79      AC: 11    Str: 15    XL:     10   Next: 8%
Magic:  0/23       EV: 13    Int: 21    God:    Kikubaaqudgha [*.....]
Gold:   85         SH:  0    Dex: 16    Spells: 3/15 levels left

rFire    . . .     SeeInvis .   a - +2 short sword (venom)
rCold    . . .     Gourm    .   (no shield)
rNeg     + + .     Faith    .   B - +2 robe of Impatience {rPois Int+3 Stlth+}
rPois    +         Spirit   +   H - +1 helmet
rElec    .         Reflect  .   (no cloak)
rCorr    .         Harm     .   b - +1 pair of gloves
MR       .....                  (no boots)
Stlth    +++.......             (no amulet)
HPRegen  0.23/turn              l - ring of magical power
MPRegen  0.36/turn              L - ring "Tuoqaos" {rN++ Str+5 Dex+2}

@: very slightly contaminated
A: talons 2, rugged brown scales 3, magic shield, magic regeneration
a: Receive Corpses, Renounce Religion


You were on level 8 of the Dungeon.
You worshipped Kikubaaqudgha.
Kikubaaqudgha was aware of your devotion.
You were not hungry.

You visited 1 branch of the dungeon, and saw 8 of its levels.
You also visited: Sewer and Ossuary.

You collected 463 gold pieces.
You spent 378 gold pieces at shops.

Inventory:

Hand Weapons
 a - a +2 short sword of venom (weapon)
 o - a +0 dagger
 v - a +0 hand crossbow
 x - a +4 spear
 y - a +4 short sword of speed
 D - a +2 dagger of freezing
Missiles
 d - 13 javelins (quivered)
 h - 7 curare-tipped darts
 j - 204 stones
 w - 4 throwing nets
 C - 8 bolts
 E - 46 poisoned darts
 N - 8 boomerangs of dispersal
Armour
 b - a +1 pair of gloves (worn)
 e - the +1 robe "Kibba" {rPois rF+ MR++ Int-5}
   (You found it on level 4 of the Dungeon)

   It affects your intelligence (-5).
   It protects you from fire.
   It protects you from poison.
   It affects your resistance to hostile enchantments.
 u - a cursed +0 kite shield
 B - the +2 robe of Impatience (worn) {rPois Int+3 Stlth+}
   (You found it in a sewer)

   It affects your intelligence (+3).
   It protects you from poison.
   It makes you more stealthy.
 H - a +1 helmet (worn)
Jewellery
 l - a ring of magical power (left hand)
 L - the ring "Tuoqaos" (right hand) {rN++ Str+5 Dex+2}
   (You bought it in a shop on level 6 of the Dungeon)

   [ring of strength]

   It affects your strength (+5).
   It affects your dexterity (+2).
   It greatly protects you from negative energy.
 O - an uncursed ring of ice
Wands
 A - a wand of acid (11)
 G - a wand of random effects (21)
 Q - a wand of iceblast (2)
Scrolls
 g - 2 scrolls of teleportation
 k - a scroll of fog
 n - 5 scrolls of remove curse
 s - 2 scrolls of amnesia
 F - 2 scrolls of enchant armour
 I - a scroll of enchant weapon
 K - a scroll of summoning
Potions
 f - 2 potions of berserk rage
 i - 5 potions of flight
 p - 7 potions of curing
 q - a potion of might
 r - 2 potions of lignification
 t - a potion of mutation
 z - a potion of magic
 M - a potion of invisibility
 P - a potion of stabbing
Comestibles
 c - 10 rations


   Skills:
 - Level 5.0 Fighting
 - Level 3.1 Short Blades
 - Level 2.0 Dodging
 - Level 2.0 Stealth
 * Level 9.1 Shields
 - Level 3.0 Spellcasting
 - Level 3.0 Summonings
 + Level 3.3 Necromancy
 - Level 7.0 Ice Magic


You had 3 spell levels left.
You knew the following spells:

 Your Spells              Type           Power        Failure   Level  Hunger
a - Freeze                Ice            ####         1%          1    None
b - Frozen Ramparts       Ice            ####..       2%          3    ###....
c - Summon Ice Beast      Ice/Summ       ###.....     17%         4    ####...
d - Animate Skeleton      Necr           N/A          3%          1    None
e - Vampiric Draining     Necr           ###.......   10%         3    ###....

Your spell library contained the following spells:

 Spells                   Type           Power        Failure   Level  Hunger
 Pain                     Necr           ###.         3%          1    None
 Sublimation of Blood     Necr           ###.......   4%          2    ##.....
 Ozocubu's Armour         Chrm/Ice       ###.....     10%         3    ###....
 Hailstorm                Conj/Ice       ###.....     30%         4    ####...


Dungeon Overview and Level Annotations

Branches:
Dungeon (8/15)             Temple (0/1) D:7           Sewer (visited)
Ossuary (visited)
   Lair: D:8-11

Altars:
Elyvilon
Fedhas
Kikubaaqudgha
Nemelex Xobeh
Okawaru
Sif Muna
Wu Jian
Xom

Shops:
D:6 *


Innate Abilities, Weirdness & Mutations

You have razor-sharp toenails.
You are completely covered in rugged brown scales. (AC +3, +7% HP)
When hurt, damage is shared between your health and your magic reserves.
You regenerate magic rapidly.


Message History

Kikubaaqudgha accepts your kill.
The meliai invokes the aid of its god against you.
Something smites you!
* * * LOW HITPOINT WARNING * * *
Casting: Freeze (safe; 1% risk of failure)
Confirm with . or Enter, or press ? or * to list all spells.
You don't have enough magic to cast that spell.
Casting: Freeze (safe; 1% risk of failure)
Confirm with . or Enter, or press ? or * to list all spells.
Aiming: Freeze (safe; 1% risk of failure)
Press: ? - help, Shift-Dir - straight line, f - meliai
Aim: a meliai, wielding a +0 hand axe and wearing a +0 robe (almost dead)
You freeze the meliai.
The meliai is almost dead.
The meliai mumbles some strange prayers to its god against you.
Something smites you!
* * * LOW HITPOINT WARNING * * *
The meliai hits you with a +0 hand axe!
You die...
Kikubaaqudgha rasps: "You have failed me!
Welcome... death!"

...#.# # #..#.#.#
#..#.#.#####.#
##.....?.......
..............
.............
#.#...(..... #@#.#.....
. ##.###y#.#..####..
...>......Z........
###.###..)#........
.......#...###...
..(.........###...
#..##...#.............
#..##<..##..###.......
.......................


You could see a meliai.

Vanquished Creatures
  2 meliai (D:8)
  Prince Ribbit (D:7)
  Grinder (D:4)
  A hippogriff (D:8)
  5 yaks (D:7)
  A water moccasin (D:6)
  An orc warrior (D:7)
  Duvessa (D:7)
  A sky beast (D:5)
  A black bear (D:6)
  2 phantoms
  An ogre (D:5)
  2 centaurs (D:7)
  A big kobold (Sewer)
  A gnoll sergeant (D:5)
  Dowan (D:7)
  A wight (Sewer)
  A centaur zombie (D:5)
  A bullfrog zombie (D:5)
  3 jellies
  3 hounds
  An orc priest (D:7)
  A bullfrog skeleton (D:7)
  A centaur skeleton (D:7)
  A gnoll shaman (D:5)
  4 orc wizards
  7 iguanas
  2 worker ants
  2 big kobold zombies (Sewer)
  A hound skeleton (D:8)
  4 mummies (D:4)
  4 adders
  18 gnolls
  2 howler monkey skeletons (D:4)
  3 shadow imps
  2 ufetubi (Sewer)
  3 oozes
  An adder zombie (Sewer)
  An adder skeleton (D:8)
  2 worms
  2 dart slugs (D:1)
  5 leopard geckos
  11 orcs
  3 ball pythons (Sewer)
  2 giant cockroaches
  6 goblins
  9 hobgoblins
  3 jackals (D:4)
  21 kobolds
  3 quokkas
  A ball python skeleton (D:4)
  12 bats
  4 frilled lizards
  3 hobgoblin zombies (Ossuary)
  A kobold zombie (Ossuary)
  A leopard gecko skeleton (D:4)
  A leopard gecko zombie (D:6)
  2 orc zombies (Ossuary)
  A quokka skeleton (D:4)
  8 rats
191 creatures vanquished.

Vanquished Creatures (collateral kills)
  An ice beast (D:8)
  An ogre (D:7)
  A phantom (Sewer)
  A shadow imp (Sewer)
4 creatures vanquished.

Grand Total: 195 creatures vanquished

Notes
Turn   | Place    | Note
-------+----------+-------------------------------------------
     0 | D:1      | Kohma the Demonspawn Ice Elementalist began the quest for
                  | the Orb.
     0 | D:1      | Reached XP level 1. HP: 13/13 MP: 3/3
   301 | D:1      | Gained mutation: You are partially covered in rugged brown
                  | scales. (AC +1, +3% HP) [demonic ancestry]
   301 | D:1      | Reached XP level 2. HP: 13/19 MP: 0/5
   931 | D:1      | Gained mutation: When hurt, damage is shared between your
                  | health and your magic reserves. [demonic ancestry]
   931 | D:1      | Reached XP level 3. HP: 25/25 MP: 6/6
  1202 | D:2      | Learned a level 3 spell: Frozen Ramparts
  1214 | D:2      | Reached skill level 1 in Fighting
  1497 | D:2      | Found an iron altar of Okawaru,
  1538 | D:2      | Found a shimmering blue altar of Sif Muna,
  1792 | D:3      | Gained mutation: You regenerate magic rapidly. [demonic
                  | ancestry]
  1792 | D:3      | Reached XP level 4. HP: 14/32 MP: 4/7
  1798 | D:3      | Learned a level 4 spell: Summon Ice Beast
  2473 | D:4      | Reached XP level 5. HP: 30/39 MP: 9/9
  2562 | D:4      | Found a sand-covered staircase,
  2567 | Ossuary  | Entered an ossuary
  2750 | D:4      | Reached skill level 1 in Summonings
  2756 | D:4      | Reached skill level 5 in Ice Magic
  3081 | D:4      | Noticed Grinder
  3140 | D:4      | Paralysed by Grinder for 3 turns
  3164 | D:4      | HP: 1/39 [Grinder/nerve-wracking pain (12)]
  3178 | D:4      | Paralysed by Grinder for 2 turns
  3189 | D:4      | Paralysed by Grinder for 2 turns
  3192 | D:4      | Killed Grinder
  3192 | D:4      | Gained mutation: You have sharp toenails. [demonic
                  | ancestry]
  3192 | D:4      | Reached XP level 6. HP: 27/45 MP: 10/10
  3579 | D:4      | Gained mutation: You have razor-sharp toenails. [demonic
                  | ancestry]
  3579 | D:4      | Reached XP level 7. HP: 43/51 MP: 11/11
  3712 | D:4      | Got an ancient robe
  3881 | D:5      | Entered Level 5 of the Dungeon
  3896 | D:5      | Reached skill level 1 in Shields
  3942 | D:4      | Identified the +1 robe "Kibba" {rPois rF+ MR++ Int-5} (You
                  | found it on level 4 of the Dungeon)
  4073 | D:5      | Reached skill level 1 in Short Blades
  4217 | D:5      | Reached skill level 2 in Shields
  4429 | D:5      | Reached XP level 8. HP: 38/59 MP: 12/12
  4479 | D:5      | Reached skill level 3 in Shields
  4498 | D:5      | Found a glowing drain,
  4509 | Sewer    | Entered a sewer
  4781 | Sewer    | Found an ancient bone altar of Kikubaaqudgha,
  5054 | Sewer    | Became a worshipper of Kikubaaqudgha
  5088 | Sewer    | Got a colourful robe
  5099 | Sewer    | Identified the +2 robe of Impatience {rPois Int+3 Stlth+}
                  | (You found it in a sewer)
  5174 | Sewer    | Reached skill level 4 in Shields
  5577 | D:6      | Found an ornate altar of the Wu Jian Council,
  5581 | D:6      | Found an ancient bone altar of Kikubaaqudgha,
  5584 | D:6      | Found a sparkling altar of Nemelex Xobeh,
  5588 | D:6      | Found a shimmering altar of Xom,
  5588 | D:6      | Found a white marble altar of Elyvilon,
  5863 | D:6      | Found a blossoming altar of Fedhas,
  5995 | D:6      | Found Seuth's Assorted Antiques,
  6030 | D:6      | Bought 3 scrolls of identify for 120 gold pieces
  6030 | D:6      | Bought a scroll of identify for 40 gold pieces
  6030 | D:6      | Bought a potion of curing for 60 gold pieces
  6030 | D:6      | Bought a red potion for 18 gold pieces
  6030 | D:6      | Bought 2 scrolls labeled HIECZOTHEO for 40 gold pieces
  6030 | D:6      | Bought a wavering brass ring for 100 gold pieces
  6031 | D:6      | Identified the ring "Tuoqaos" {rN++ Str+5 Dex+2} (You
                  | bought it in a shop on level 6 of the Dungeon)
  6194 | D:7      | Reached skill level 5 in Shields
  6429 | D:7      | Gained mutation: You are mostly covered in rugged brown
                  | scales. (AC +2, +5% HP) [demonic ancestry]
  6429 | D:7      | Reached XP level 9. HP: 62/69 MP: 13/13
  6604 | D:7      | Reached skill level 5 in Fighting
  6604 | D:7      | Reached skill level 6 in Shields
  6611 | D:7      | Noticed Prince Ribbit
  6620 | D:7      | Killed Prince Ribbit
  6622 | D:7      | Reached skill level 7 in Shields
  6623 | D:7      | Reached * piety under Kikubaaqudgha
  6623 | D:7      | Identified Kikubaaqudgha's Handbook of Sinister Rituals
                  | (Kikubaaqudgha gifted it to you on level 7 of the Dungeon)
  6623 | D:7      | Received a gift from Kikubaaqudgha
  6627 | D:7      | Found a staircase to the Ecumenical Temple,
  6638 | D:7      | Reached skill level 8 in Shields
  6652 | D:7      | Learned a level 1 spell: Animate Skeleton
  6656 | D:7      | Learned a level 3 spell: Vampiric Draining
  6709 | D:7      | Noticed Dowan
  6720 | D:7      | Killed Dowan
  6737 | D:7      | Noticed Duvessa
  6754 | D:7      | Killed Duvessa
  6776 | D:7      | Reached skill level 1 in Necromancy
  7252 | D:8      | Noticed a meliai
  7252 | D:8      | Noticed a meliai
  7253 | D:8      | Noticed a meliai
  7260 | D:8      | Killed a meliai
  7260 | D:8      | Reached skill level 9 in Shields
  7260 | D:8      | Gained mutation: You are completely covered in rugged brown
                  | scales. (AC +3, +7% HP) [demonic ancestry]
  7260 | D:8      | Reached XP level 10. HP: 38/79 MP: 8/14
  7270 | D:8      | Slain by a meliai

Levels and vault maps discovered:
D:1:      dpeg_chamrin_arrival_tetris, layout_loops_ring, minmay_crystal_room
D:2:      layout_basic, lemuel_round_altar, first_ration, okawaru_trees_2
D:3:      layout_basic
D:4:      layout_cave_pools, nicolae_ossuary_entry_plus, uniq_grinder
D:5:      layout_loops_ring, cheibrodos_sewer_entry_bend
D:6:      layout_rooms, grunt_temple_overflow_open, kennysheep_little_box,
          serial_shops, nicolae_shop_trees
D:7:      layout_rooms, minmay_temple_entry_sparse_star, uniq_prince_ribbit1,
          uniq_duvessa
D:8:      layout_basic, overflow_temple_1_default, david_lair_generic

Skill      XL: |  1  2  3  4  5  6  7  8  9 |
---------------+----------------------------+-----
Stealth        | 2 |  2.0
Dodging        | 2 |  2.0
Ice Magic      | 4 5 6 7 |  7.0
Fighting       | 1 2 3 4 5 |  5.0
Summonings     | 2 3 |  3.0
Spellcasting   | 3 |  3.0
Shields        | 2 5 9 |  9.1
Short Blades   | 1 3 |  3.1
Necromancy     | 3 |  3.3

Action                   |  1- 3 |  4- 6 |  7- 9 | 10-12 || total
-------------------------+-------+-------+-------+-------++-------
Melee: Unarmed           |    13 |     7 |       |       ||    20
       Dagger            |     9 |       |       |       ||     9
       Short sword       |     3 |    47 |   195 |     4 ||   249
       Kick              |       |       |    62 |       ||    62
Throw: Javelin           |       |       |     5 |       ||     5
 Cast: Freeze            |    57 |    51 |    41 |     2 ||   151
       Frozen Ramparts   |       |    25 |    50 |       ||    75
       Summon Ice Beast  |       |       |     5 |     1 ||     6
       Animate Skeleton  |       |       |     6 |       ||     6
  Use: Scroll            |       |     4 |    24 |       ||    28
       Potion            |       |     3 |       |     2 ||     5
 Stab: Sleeping          |     1 |     1 |     1 |       ||     3
       Distracted        |       |       |     2 |       ||     2
  Eat: Chunk             |     3 |     6 |    15 |       ||    24
       Ration            |       |     1 |     1 |       ||     2
Armor: Robe              |    35 |    27 |    60 |     1 ||   123
       Skin              |       |     3 |       |       ||     3
Dodge: Dodged            |    54 |    89 |   170 |     9 ||   322

Table legend:
 A = Non-vault XP
 B = Vault XP
 C = Vault XP percentage of total XP
 D = Non-vault monster count
 E = Vault monster count
 F = Vault count percentage of total count
                 A         B        C        D         E       F
            +---------+---------+-------+---------+---------+-------
      Total |    4787 |    1222 |  20.3 |     146 |      49 |  25.1
            +---------+---------+-------+---------+---------+-------
        D:1 |      45 |       0 |   0.0 |      25 |       0 |   0.0
        D:2 |      33 |       0 |   0.0 |      13 |       0 |   0.0
        D:3 |     112 |       0 |   0.0 |      19 |       0 |   0.0
        D:4 |     185 |     353 |  65.6 |      13 |       5 |  27.8
        D:5 |    1005 |       5 |   0.5 |      30 |       1 |   3.2
        D:6 |     321 |       0 |   0.0 |       5 |       0 |   0.0
        D:7 |    1999 |     446 |  18.2 |      32 |       3 |   8.6
        D:8 |    1087 |       0 |   0.0 |       9 |       0 |   0.0
      Sewer |       0 |     412 | 100.0 |       0 |      34 | 100.0
    Ossuary |       0 |       6 | 100.0 |       0 |       6 | 100.0
            +---------+---------+-------+---------+---------+-------
